 Dungeon Crawl Stone Soup version 0.18.1-48-g4cf74bf (webtiles) character file.

6031 Talus the Cleaver (level 10, -6/93 HPs)
             Began as a Minotaur Berserker on June 29, 2016.
             Was a High Priest of Trog.
             Mangled by Urug
             ... wielding a +0 great mace
              (23 damage)
             ... on level 10 of the Dungeon on July 3, 2016.
             The game lasted 01:14:19 (8527 turns).

Talus the Cleaver (Minotaur Berserker)              Turns: 8527, Time: 01:14:20

Health: -6/93      AC: 14    Str: 21    XL:     10   Next: 56%
Magic:  9/9        EV:  5    Int:  4    God:    Trog [*****.]
Gold:   420        SH:  0    Dex: 14    Spells: 0 memorised, 9 levels left

rFire  . . .     SeeInvis .     x - +1 war axe (freeze)
rCold  . . .     Gourm    .     N - +3 chain mail {rPois}
rNeg   . . .     Faith    .     (no shield)
rPois  +         Spirit   .     (helmet restricted)
rElec  .         Dismiss  .     (no cloak)
rCorr  .         Reflect  .     (no gloves)
SustAt +         Harm     .     (no boots)
MR     ++...                    w - amulet of regeneration
Stlth  ..........               p - ring of stealth
                                y - ring of sustain attributes

@: exhausted, regenerating, slowed, very slow, very resistant to hostile
enchantments, extremely unstealthy
A: retaliatory headbutt, horns 2
a: Berserk, Trog's Hand, Brothers in Arms, Burn Spellbooks, Renounce Religion


You were on level 10 of the Dungeon.
You worshipped Trog.
Trog was extremely pleased with you.
You were very hungry.

You visited 2 branches of the dungeon, and saw 11 of its levels.

You collected 524 gold pieces.
You spent 104 gold pieces at shops.

Inventory:

Hand Weapons
 a - a +0 hand axe
 b - the +7 dagger of Qiraxuiph {pain, rElec rF+++ Str-2 Int-3, unknown}
   (You found it on level 9 of the Dungeon)

   In the hands of one skilled in necromantic magic, it inflicts extra damage on
   living creatures.
   It affects your strength (-2).
   It affects your intelligence (-3).
   It renders you almost immune to fire.
   It insulates you from electricity.
 x - a +1 war axe of freezing (weapon)
Missiles
 e - 320 stones (quivered)
 o - 18 poisoned needles
 s - 12 tomahawks
Armour
 t - a mottled dragon hide
 N - a +3 chain mail of poison resistance (worn)
Jewellery
 p - a ring of stealth (right hand)
 w - an amulet of regeneration (around neck)
 y - a ring of sustain attributes (left hand)
Wands
 m - a wand of flame (22/48)
 D - a wand of slowing (32/48)
 F - a wand of lightning (4/15)
 G - a wand of acid (10/15)
 I - a wand of flame (1/48)
Scrolls
 d - 2 scrolls of fear
 f - a scroll of remove curse {unknown}
 h - 4 scrolls of teleportation
 k - a scroll of identify
 q - 3 scrolls of enchant weapon {unknown}
 r - 4 scrolls of enchant armour {unknown}
 u - a scroll of random uselessness {unknown}
 z - 2 scrolls of fog {unknown}
 J - a scroll of holy word {unknown}
 K - 3 scrolls of magic mapping {unknown}
Potions
 g - 3 potions of curing
 i - a potion of lignification
 j - 4 potions of heal wounds
 l - a potion of berserk rage
 v - 2 potions of haste
 A - a potion of cure mutation
 H - a potion of flight {unknown}
 L - a potion of brilliance {unknown}
 M - a potion of mutation {unknown}
Comestibles
 c - 2 bread rations
 n - 6 fruits
 B - 2 meat rations
 C - a beef jerky
 E - 3 slices of pizza
 O - 12 chunks of flesh


   Skills:
 + Level 9.8 Fighting
 - Level 13.1 Axes
 + Level 9.6 Armour
 - Level 5.0 Dodging


You had 9 spell levels left.
You didn't know any spells.

Dungeon Overview and Level Annotations

Branches:
Dungeon (10/15)            Temple (1/1) D:7            Lair (0/8) D:8
    Orc (0/2) D:9

Altars:
Cheibriados
Dithmenos
Kikubaaqudgha
Makhleb
Nemelex Xobeh
Okawaru
Pakellas
Qazlal
Vehumet
The Shining One

Shops:
D:5 !

Annotations:
D:2 Sigmund
D:10 Urug


Innate Abilities, Weirdness & Mutations

You reflexively headbutt those who attack you in melee.
You have a pair of horns on your head.


Message History

Urug is lightly wounded.
Urug barely misses you. You furiously retaliate!
You headbutt Urug. You hit Urug. You freeze Urug.
Urug is lightly wounded.
Urug hits you with a great mace.
You barely miss Urug.
Urug is lightly wounded.
Urug hits you with a great mace!!
You closely miss Urug.
Urug is lightly wounded.
Urug hits you with a great mace!!
Your chain mail prevents you from hitting Urug.
Your headbutt misses Urug.
Urug is lightly wounded.
You feel the effects of Trog's Hand fading.
You can't go down here!
Urug hits you with a great mace!!
* * * LOW HITPOINT WARNING * * *
Urug hits you with a great mace!!
You die...

..........#
..........
..........
.........##
..........#
..........#
......)o..#
.......@..#
..........#
#........##
##......##
##.#####
.%. ... ..


You could see Urug.

Vanquished Creatures
  Erica (D:10)
  The ghost of Aquadorian the Cleaver, a novice MiFi of Okawaru (D:7)
  Pikel (D:6)
  A wyvern (D:9)
  3 yaks (D:9)
  The ghost of PeterLawrence the Cudgeler, an amateur MiFi of Okawaru (D:4)
  A hippogriff (D:8)
  3 hungry ghosts
  Menkaure (D:7)
  A water moccasin (D:7)
  3 orc warriors
  3 phantoms
  A slave (D:6)
  4 ogres
  A centaur (D:9)
  A water moccasin zombie (D:9)
  6 giant frogs
  2 scorpions
  A troll zombie (D:9)
  4 howler monkeys
  3 crimson imps
  2 quasits
  A centaur zombie (D:5)
  2 hounds
  7 orc priests
  A centaur skeleton (D:4)
  2 giant frog skeletons
  7 orc wizards
  An iguana (D:5)
  5 worker ants
  7 ogre zombies (D:9)
  A worker ant zombie (D:8)
  4 gnolls (D:6)
  8 adders
  A shadow imp (D:6)
  An ooze (D:4)
  An adder zombie (D:7)
  4 worms
  2 dart slugs
  4 giant geckos
  49 orcs
  3 ball pythons
  2 giant cockroaches
  7 goblins
  7 hobgoblins
  11 jackals
  5 kobolds
  4 quokkas
  A ball python skeleton (D:4)
  11 bats
  A giant cockroach zombie (D:5)
  A giant gecko skeleton (D:4)
  6 giant newts
  A goblin skeleton (D:9)
  A goblin zombie (D:9)
  A hobgoblin skeleton (D:9)
  5 hobgoblin zombies (D:9)
  2 orc skeletons (D:9)
  15 orc zombies (D:9)
  22 rats
259 creatures vanquished.

Vanquished Creatures (collateral kills)
  A yak (D:9)
1 creature vanquished.

Grand Total: 260 creatures vanquished

Notes
Turn   | Place    | Note
--------------------------------------------------------------
     0 | D:1      | Talus the Minotaur Berserker began the quest for the Orb.
     0 | D:1      | Reached XP level 1. HP: 19/19 MP: 0/0
   126 | D:1      | Reached skill level 4 in Axes
   191 | D:1      | Reached XP level 2. HP: 23/26 MP: 1/1
   768 | D:2      | Noticed Sigmund
   929 | D:2      | Reached skill level 5 in Axes
  1076 | D:2      | Reached ** piety under Trog
  1082 | D:2      | Reached XP level 3. HP: 31/31 MP: 2/2
  1509 | D:2      | Found a shadowy altar of Dithmenos.
  1518 | D:2      | Reached skill level 6 in Axes
  1518 | D:2      | Reached XP level 4. HP: 39/39 MP: 3/3
  1674 | D:3      | Reached *** piety under Trog
  1960 | D:3      | Found a glowing golden altar of the Shining One.
  2902 | D:4      | Found an oddly glowing altar of Pakellas.
  3034 | D:4      | Noticed an ogre
  3056 | D:4      | Killed an ogre
  3056 | D:4      | Reached XP level 5. HP: 43/46 MP: 4/4
  3218 | D:4      | Noticed PeterLawrence's ghost (amateur MiFi)
  3224 | D:4      | Killed PeterLawrence's ghost
  3224 | D:4      | Reached skill level 7 in Axes
  3224 | D:4      | Reached XP level 6. HP: 52/52 MP: 5/5
  3809 | D:4      | Reached XP level 7. HP: 50/59 MP: 6/6
  3915 | D:5      | Entered Level 5 of the Dungeon
  3927 | D:5      | Reached skill level 5 in Dodging
  4069 | D:5      | Reached skill level 8 in Axes
  4207 | D:5      | Reached skill level 5 in Fighting
  4748 | D:5      | Found Geehiz's Distillery.
  4758 | D:5      | Reached **** piety under Trog
  4851 | D:5      | Bought a potion of heal wounds for 65 gold pieces
  4851 | D:5      | Bought a potion of curing for 39 gold pieces
  5102 | D:5      | Reached skill level 9 in Axes
  5175 | D:5      | Reached XP level 8. HP: 70/70 MP: 7/7
  5206 | D:5      | Found a radiant altar of Vehumet.
  5206 | D:5      | Found a burning altar of Makhleb.
  5880 | D:6      | Noticed Pikel
  5903 | D:6      | Killed Pikel
  5903 | D:6      | Reached skill level 10 in Axes
  6239 | D:7      | Reached XP level 9. HP: 77/82 MP: 8/8
  6336 | D:7      | Reached skill level 11 in Axes
  6372 | D:7      | Found a staircase to the Ecumenical Temple.
  6398 | Temple   | Entered the Ecumenical Temple
  6809 | D:7      | Noticed Aquadorian's ghost (novice MiFi)
  6817 | D:7      | Killed Aquadorian's ghost
  6894 | D:7      | Noticed Menkaure
  6902 | D:7      | Killed Menkaure
  6902 | D:7      | Reached skill level 5 in Armour
  7097 | D:8      | Found a staircase to the Lair.
  7100 | D:8      | You fall through a shaft!
  7131 | D:9      | Got a scorched dagger
  7157 | D:9      | Reached skill level 12 in Axes
  7444 | D:8      | Reached XP level 10. HP: 91/91 MP: 9/9
  7788 | D:9      | Found a staircase to the Orcish Mines.
  8017 | D:9      | Found an iron altar of Okawaru.
  8066 | D:9      | Reached skill level 13 in Axes
  8383 | D:9      | Reached ***** piety under Trog
  8507 | D:10     | Entered Level 10 of the Dungeon
  8507 | D:10     | Noticed Erica
  8509 | D:10     | Noticed Urug
  8515 | D:10     | Killed Erica
  8527 | D:10     | Mangled by Urug

Skill      XL: |  1  2  3  4  5  6  7  8  9 10 |
---------------+-------------------------------+-----
Axes           | 4 5 6 7 9 10 12 13 | 13.1
Fighting       | 4 6 8 9 |  9.8
Armour         | 3 7 9 |  9.6
Dodging        | 3 4 5 |  5.0

Action                   |  1- 3 |  4- 6 |  7- 9 | 10-12 || total
-------------------------+-------+-------+-------+-------++-------
Melee: Hand axe          |   109 |    75 |       |       ||   184
       Headbutt          |    10 |    25 |    53 |    45 ||   133
       War axe           |       |    55 |   217 |   197 ||   469
Invok: Berserk           |     1 |     3 |     3 |     2 ||     9
       Trog's Hand       |       |     1 |     2 |     1 ||     4
       Brothers in Arms  |       |       |     1 |       ||     1
  Use: Scroll            |       |       |     8 |       ||     8
  Eat: Chunk             |     3 |     6 |     6 |     5 ||    20
       Bread ration      |       |     1 |     2 |     1 ||     4
       Fruit             |       |       |       |     4 ||     4
       Meat ration       |       |       |       |     1 ||     1
Armor: Animal skin       |     3 |       |       |       ||     3
       Ring mail         |    23 |    30 |    22 |       ||    75
       Plate armour      |       |       |    14 |       ||    14
       Chain mail        |       |       |    23 |    72 ||    95
Dodge: Dodged            |    42 |    59 |    96 |    72 ||   269
